 Dungeon Crawl Stone Soup version 0.24.0-13-gcf9b3192b9 (webtiles) character file.

Game seed: 10635789366981338361, levelgen mode: deterministic

46 Aviak the Sneak (level 3, 0/23 HPs)
             Began as a Gargoyle Assassin on Nov 8, 2019.
             Killed from afar by a dart slug (5 damage)
             ... with a slug dart
             ... on level 2 of the Dungeon.
             The game lasted 00:01:11 (747 turns).

Aviak the Sneak (Gargoyle Assassin)                  Turns: 747, Time: 00:01:11

Health: 0/23       AC:  6    Str: 15    XL:     3   Next: 68%
Magic:  3/3        EV: 12    Int: 11    God:
Gold:   43         SH:  0    Dex: 11    Spells: 2/2 levels left

rFire    . . .     SeeInvis .   a - +2 dagger
rCold    . . .     Gourm    .   (no shield)
rNeg     + . .     Faith    .   b - +0 robe
rPois    ∞         Spirit   .   (no helmet)
rElec    +         Reflect  .   c - +0 cloak
rCorr    .         Harm     .   (no gloves)
MR       .....     Rnd*Tele +   (no boots)
Stlth    ++........             (no amulet)
HPRegen  0.07/turn              i - ring of teleportation (curse)
MPRegen  0.08/turn              (no ring)

@: no status effects
A: negative energy resistance 1, electricity resistance, unbreathing,
petrification resistance, rot immunity, AC +3
a: no special abilities


You were on level 2 of the Dungeon.
You were not hungry.

You visited 1 branch of the dungeon, and saw 2 of its levels.

You collected 43 gold pieces.

Inventory:

Hand Weapons
 a - a +2 dagger (weapon)
 h - a +1 vampiric short sword {!w}
Missiles
 d - 19 poisoned darts (quivered)
 e - 2 curare-tipped darts
Armour
 b - a +0 robe (worn)
 c - a +0 cloak (worn)
Jewellery
 i - a cursed ring of teleportation (left hand)
Scrolls
 g - a scroll of remove curse {unknown}
Comestibles
 f - 4 rations


   Skills:
 + Level 3.0 Fighting
 + Level 2.4 Short Blades
 - Level 1.8 Throwing
 + Level 1.5 Dodging
 - Level 4.4 Stealth


You had 2 spell levels left.
You didn't know any spells.
Your spell library was empty.

Dungeon Overview and Level Annotations

Branches:
Dungeon (2/15)

Altars:

Annotations:
D:2 Robin


Innate Abilities, Weirdness & Mutations

You are resistant to torment.
Your stone body is resilient. (AC +3)
You are immune to poison.
You resist negative energy. (rN+)
You are resistant to electric shocks. (rElec)
You can survive without breathing.
You are immune to petrification.
You are immune to rotting.


Message History

A hobgoblin comes into view.
The hobgoblin shouts!
Robin roars a battlecry!
The goblins go into a battle-frenzy!
The goblin hits you but does no damage.
The goblin no longer looks unusually strong.
You hit the goblin.
You kill the goblin!
Robin roars a battlecry!
The goblins go into a battle-frenzy!
A dart slug comes into view.
You see here a +0 club.
Robin throws the goblin at you! The hobgoblin misses you.
The goblin closely misses you. The goblin barely misses you.
The dart slug bites you but does no damage.
The hobgoblin no longer looks unusually strong.
The dart slug launches a dart at you. The slug dart hits you.
You die...

######## #g.g...#
#.####g#
#######.#.##.#######
......g.#..w.@.....#
######.g#.###.####.#
#.....g.....# #.#
#####)###.#.##.#.##
#.#.g.>........
###.#)<.##.#.##
.###...#)...#
........).#..#.#
#.#####........#


You could see a dart slug and 2 hobgoblins.

Vanquished Creatures
  An adder (D:1)
  4 bats (D:1)
  10 goblins
  4 hobgoblins
  4 jackals (D:1)
  2 ball pythons (D:1)
  3 kobolds (D:1)
  4 rats (D:1)
32 creatures vanquished.

Notes
Turn   | Place    | Note
-------+----------+-------------------------------------------
     0 | D:1      | Aviak the Gargoyle Assassin began the quest for the Orb.
     0 | D:1      | Reached XP level 1. HP: 12/12 MP: 1/1
   193 | D:1      | Reached skill level 1 in Dodging
   240 | D:1      | Reached XP level 2. HP: 18/18 MP: 2/2
   447 | D:1      | Reached XP level 3. HP: 15/22 MP: 3/3
   711 | D:2      | Noticed Robin
   747 | D:2      | Killed from afar by a dart slug

Levels and vault maps discovered:
D:1:      psy_arrival_dodecagon, layout_basic
D:2:      layout_basic, uniq_robin, uniq_crazy_yiuf_cottage, uniq_terence

Skill      XL: |  1  2  3 |
---------------+----------+-----
Dodging        | 1 |  1.5
Short Blades   | 2 |  2.4
Fighting       | 3 |  3.0
Throwing       | |  1.8
Stealth        | |  4.4

Action                   || total
-------------------------++-------
Melee: Dagger            ||    88
 Stab: Sleeping          ||     2
Armor: Robe              ||    38
Dodge: Dodged            ||    51
